 Dungeon Crawl Stone Soup version 0.24-a0-537-g2d01d4ab0a (webtiles) character file.

Game seed: 11014064724295114434

298 Mithandil the Conjurer (level 6, -1/35 HPs)
             Began as a Tengu Conjurer on Aug 16, 2019.
             Slain by an ogre
             ... wielding a cursed -3 giant club
              (19 damage)
             ... on level 4 of the Dungeon.
             The game lasted 00:18:37 (3844 turns).

Mithandil the Conjurer (Tengu Conjurer)             Turns: 3844, Time: 00:18:37

Health: -1/35      AC:  5    Str:  9    XL:     6   Next: 35%
Magic:  3/12       EV: 15    Int: 16    God:
Gold:   189        SH:  0    Dex: 15    Spells: 4/11 levels left

rFire    . . .     SeeInvis .   b - +2 quarterstaff (protect)
rCold    . . .     Gourm    .   (shield currently unavailable)
rNeg     . . .     Faith    .   m - +1 leather armour {MR+}
rPois    .         Spirit   .   (helmet restricted)
rElec    .         Reflect  .   j - +0 cloak
rCorr    .         Harm     .   (no gloves)
MR       +....                  (boots unavailable)
Stlth    +++.......             (no amulet)
HPRegen  0.11/turn              n - ring of stealth
MPRegen  0.13/turn              (no ring)

@: flying quickly and evasively, quick
A: beak, talons 3, able to fly
a: Stop Flying


You were on level 4 of the Dungeon.
You were very hungry.

You visited 1 branch of the dungeon, and saw 5 of its levels.

You collected 189 gold pieces.

Inventory:

Hand Weapons
 a - a +3 whip of draining
 b - a +2 quarterstaff of protection (weapon)
 k - a +0 hunting sling
Missiles
 d - 22 bolts
 g - 34 stones
 i - 47 sling bullets
 l - 2 atropa-tipped darts (quivered)
Armour
 j - a +0 cloak (worn)
 m - a +1 leather armour of magic resistance (worn)
Jewellery
 n - a ring of stealth (left hand)
Scrolls
 f - a scroll of identify
 h - 4 scrolls of remove curse
Potions
 e - 2 potions of curing
Comestibles
 c - 4 rations


   Skills:
 + Level 1.7 Fighting
 + Level 3.1 Dodging
 + Level 3.1 Stealth
 * Level 3.4 Spellcasting
 * Level 6.8 Conjurations
 + Level 1.2 Translocations


You had 4 spell levels left.
You knew the following spells:

 Your Spells              Type           Power        Failure   Level  Hunger
a - Magic Dart            Conj           ###.         1%          1    None
b - Searing Ray           Conj           ###...       2%          2    ##.....
c - Force Lance           Conj/Tloc      ###.....     43%         4    ####...

Your spell library contained the following spells:

 Spells                   Type           Power        Failure   Level  Hunger
 Iskenderun's Mystic Bla  Conj           ###.....     16%         4    ####...
 Dazzling Spray           Conj/Hex       ##....       19%         3    ###....
 Fulminant Prism          Conj/Hex       ##........   52%         4    ####...


Dungeon Overview and Level Annotations

Branches:
Dungeon (5/15)
 Temple: D:4-7

Altars:


Innate Abilities, Weirdness & Mutations

You have a beak for a mouth.
You have claws for feet.
You can fly continuously.


Message History

A worker ant comes into view.
The searing ray hits the ogre!
The ogre is severely wounded.
The ogre hits you with a cursed -3 giant club!
The searing ray misses the ogre.
You finish channeling your searing ray.
The ogre closely misses you.
Casting: Searing Ray (safe; 2% risk of failure)
Confirm with . or Enter, or press ? or * to list all spells.
Aiming: Searing Ray (safe; 2% risk of failure)
Press: ? - help, Shift-Dir - straight line, f/p - ogre
Aim: an ogre, wielding a -3 giant club (severely wounded)
The searing ray hits the ogre.
The ogre is severely wounded. (Press . to maintain the ray.)
The ogre barely misses you.
The searing ray hits the ogre.
The ogre is almost dead.
The ogre hits you with a cursed -3 giant club!!
Ouch! That really hurt!
You die...

#. <............
.###..#.####...........<
...... ....#............
......##................
........................
..........#.............
.....a......#...........
#....O.....#.......)...
#.....@.......#..#.>...
#.......#.##...####.....
#......####.....####..#.
..##... #......# ##.## #
#.... ###....# ####
..#..> #....# # .......
#...## #. ....... #####
## #


You could see an ogre and a worker ant.

Vanquished Creatures
  An ogre (D:4)
  A hound (D:3)
  2 orc wizards (D:3)
  6 adders
  2 worms
  A dart slug (D:2)
  6 leopard geckos
  5 orcs (D:3)
  A ball python (D:3)
  8 bats
  9 goblins
  4 hobgoblins
  2 jackals (D:1)
  4 kobolds
  2 quokkas
  3 frilled lizards
  4 rats
61 creatures vanquished.

Notes
Turn   | Place    | Note
-------+----------+-------------------------------------------
     0 | D:1      | Mithandil the Tengu Conjurer began the quest for the Orb.
     0 | D:1      | Reached XP level 1. HP: 10/10 MP: 4/4
   155 | D:2      | Reached XP level 2. HP: 15/15 MP: 0/6
   159 | D:2      | Learned a level 2 spell: Searing Ray
  1006 | D:2      | Reached XP level 3. HP: 20/20 MP: 2/7
  1504 | D:2      | Reached skill level 6 in Conjurations
  1756 | D:2      | Reached XP level 4. HP: 18/24 MP: 3/8
  1762 | D:2      | Learned a level 4 spell: Force Lance
  2278 | D:3      | Reached skill level 1 in Fighting
  2373 | D:3      | Gained mutation: You can fly continuously. [Tengu growth]
  2373 | D:3      | Reached XP level 5. HP: 24/29 MP: 2/10
  2426 | D:4      | Noticed an ogre
  2968 | D:3      | Reached skill level 1 in Translocations
  3728 | D:4      | Killed an ogre
  3728 | D:4      | Reached XP level 6. HP: 35/35 MP: 1/12
  3817 | D:5      | Entered Level 5 of the Dungeon
  3844 | D:4      | Slain by an ogre

Levels and vault maps discovered:
D:1:      dpeg_arrival_three_smaller_balls, layout_basic
D:2:      minmay_skewed_foursquare, layout_loops_corners
D:3:      layout_loops_ring
D:4:      layout_cave_pools, temple_green, serial_shops, shop,
          nicolae_shop_waterfront, first_ration, kennysheep_minor_cross,
          minmay_bent
D:5:      layout_basic

Skill      XL: |  1  2  3  4  5 |
---------------+----------------+-----
Conjurations   | 6 |  6.8
Fighting       | 1 |  1.7
Spellcasting   | 3 |  3.4
Translocations | 1 |  1.2
Stealth        | 3 |  3.1
Dodging        | 3 |  3.1

Action                   |  1- 3 |  4- 6 || total
-------------------------+-------+-------++-------
Melee: Club              |     1 |       ||     1
       Spear             |       |     6 ||     6
       Kick              |       |     3 ||     3
       Whip              |       |     3 ||     3
 Cast: Magic Dart        |    53 |    44 ||    97
       Searing Ray       |     2 |    16 ||    18
 Abil: Fly               |       |     1 ||     1
  Use: Scroll            |     5 |     2 ||     7
       Potion            |     3 |     1 ||     4
 Stab: Sleeping          |       |     1 ||     1
  Eat: Chunk             |     3 |     6 ||     9
Armor: Robe              |     2 |     1 ||     3
       Leather armour    |       |     3 ||     3
Dodge: Dodged            |     4 |    25 ||    29

Table legend:
 A = Non-vault XP
 B = Vault XP
 C = Vault XP percentage of total XP
 D = Non-vault monster count
 E = Vault monster count
 F = Vault count percentage of total count
                 A         B        C        D         E       F
            +---------+---------+-------+---------+---------+-------
      Total |     400 |      26 |   6.1 |      54 |       7 |  11.5
            +---------+---------+-------+---------+---------+-------
        D:1 |      20 |       0 |   0.0 |      10 |       0 |   0.0
        D:2 |      40 |      26 |  39.4 |      14 |       7 |  33.3
        D:3 |     218 |       0 |   0.0 |      29 |       0 |   0.0
        D:4 |     122 |       0 |   0.0 |       1 |       0 |   0.0
            +---------+---------+-------+---------+---------+-------
